 Dungeon Crawl Stone Soup version 0.30-a0-1094-g860fb061e7 (webtiles) character file.

Game seed: 11033801428844077053

150 benadryl the Conjurer (level 5, -2/28 HPs)
             Began as a Deep Elf Conjurer on Apr 17, 2023.
             Slain by Terence
             ... wielding a +0 mace
              (5 damage)
             ... on level 2 of the Dungeon.
             The game lasted 00:03:52 (2566 turns).

benadryl the Conjurer (Deep Elf Conjurer)           Turns: 2566, Time: 00:03:53

Health: -2/28      AC:  2    Str:  4    XL:     5   Next: 10%
Magic:  7/11       EV: 13    Int: 25    God:
Gold:   98         SH:  0    Dex: 19    Spells: 7/10 levels left

rFire   . . .      SeeInvis .    (no weapon)
rCold   . . .      Faith    .    (no shield)
rNeg    . . .      Spirit   .    a - +0 robe
rPois   .          Reflect  .    (no helmet)
rElec   .          Rampage  .    (no cloak)
rCorr   .                        (no gloves)
Will    .....                    (no boots)
Stlth   ++                       (no amulet)
HPRegen 0.24/turn                i - +6 ring of dexterity
MPRegen 0.12/turn                (no ring)

@: no status effects
A: no striking features
a: no special abilities


You were on level 2 of the Dungeon.
You visited 1 branch of the dungeon, and saw 2 of its levels.

You collected 98 gold pieces.

Inventory:

Armour
 a - a +0 robe (worn)
 h - the +0 pair of gloves of Gluttony {rN++ Will- Str+5}
   (You found it on level 2 of the Dungeon)

   Str:       It affects your strength (+5).
   rN:        It greatly protects you from negative energy.
   Will:      It decreases your willpower.
Jewellery
 i - a +6 ring of dexterity (left hand)
 l - an amulet of guardian spirit
Scrolls
 e - a scroll of identify {@r1}
 f - a scroll of fog {unknown}
 g - a scroll of amnesia
Potions
 c - 2 potions of flight {unknown}
 d - a potion of lignification {unknown}
 k - a potion of brilliance {unknown}


   Skills:
 - Level 2.4 Dodging
 - Level 2.4 Stealth
 - Level 3.0 Spellcasting
 * Level 7.1 Conjurations


You had 7 spell levels left.
You knew the following spells:

 Your Spells              Type           Power      Damage    Failure   Level
a - Magic Dart            Conj           100%       1d8       1%          1
b - Searing Ray           Conj           78%        2d7       1%          2

Your spell library contained the following spells:

 Spells                   Type           Power      Damage    Failure   Level
 Dazzling Flash           Conj/Hex       42%        N/A       7%          3
 Mephitic Cloud           Conj/Pois/Air  15%        N/A       12%         3
 Call Imp                 Summ           6%         N/A       16%         2
 Fulminant Prism          Conj/Hex       10%        3d8       24%         4
 Iskenderun's Mystic Bla  Conj/Tloc      21%        2d6       24%         4


Dungeon Overview and Level Annotations

Branches:
Dungeon (2/15)

Altars:

Annotations:
D:2 Terence


Message History

Aiming: Magic Dart (safe; 1% risk of failure)
Press: ? - help, Q - select action, (/) - cycle Shift-Dir - straight line, f/p - Terence
Aim: Terence, wielding a +0 mace and wearing a +0 scale mail (100% to hit)
The magic dart hits Terence but does no damage.
Terence barely misses you.
Aiming: Magic Dart (safe; 1% risk of failure)
Press: ? - help, Q - select action, (/) - cycle Shift-Dir - straight line, f/p - Terence
Aim: Terence, wielding a +0 mace and wearing a +0 scale mail (100% to hit)
The magic dart hits Terence but does no damage.
Terence misses you.
Unknown command.
Unknown command.
Terence hits you with a +0 mace. Terence attacks as you move away!
Terence hits you with a +0 mace. Terence hits you with a +0 mace.
You feel better. Terence hits you with a +0 mace.
Magic courses through your body. Terence hits you with a +0 mace.
Casting: Magic Dart (safe; 1% risk of failure)
Confirm with . or Enter, or press ? or * to list all spells.
Aiming: Searing Ray (safe; 1% risk of failure)
Press: ? - help, Shift-Dir - straight line, f/p - Terence
Aim: Terence, wielding a +0 mace and wearing a +0 scale mail (83% to hit)
The searing ray hits Terence!
Terence is moderately wounded. (Press . to maintain the ray.) Terence hits you with a +0 mace.
* * * LOW HITPOINT WARNING * * *
The searing ray hits Terence.
Terence is moderately wounded.
Terence hits you with a +0 mace.
* * * LOW HITPOINT WARNING * * *
The searing ray hits Terence.
Terence is heavily wounded.
Terence hits you with a +0 mace.
* * * LOW HITPOINT WARNING * * *
The searing ray hits Terence.
Terence is severely wounded.
You finish channelling your searing ray.
Terence hits you with a +0 mace.
You die...

## ####### ### . ..
..##.###.# ...#.
#.##.#...#
.....†#.##.#.###
...........#...#
.##...####.###.##########
..... #.#
#..##.#....)...# #...# #
##....#.######.# ....
###@@...<.....###.#
#########........#..##..#
#.......#.#####...###...#
#.#####.#..#
#........#.##. ###.#
#.##.###+##..........
#...#
#...........>....####
#.### ####..............#
#.# #..............###
#####'#######
#..............#..


You could see Terence.

Vanquished Creatures
  Robin (D:2)
  7 adders (D:2)
  2 dart slugs (D:1)
  5 ball pythons
  7 bats
  4 endoplasms
  2 giant cockroaches (D:1)
  16 goblins
  5 hobgoblins
  2 jackals (D:2)
  5 quokkas
  3 frilled lizards
  4 kobolds
  3 rats
66 creatures vanquished.

Notes
Turn   | Place    | Note
-------+----------+-------------------------------------------
     0 | D:1      | benadryl the Deep Elf Conjurer began the quest for the Orb.
     0 | D:1      | Reached XP level 1. HP: 10/10 MP: 6/6
    86 | D:1      | Reached XP level 2. HP: 12/15 MP: 4/8
   170 | D:1      | Reached skill level 5 in Conjurations
   764 | D:1      | Reached XP level 3. HP: 12/19 MP: 3/9
   834 | D:1      | Learned a level 2 spell: Searing Ray
  1467 | D:2      | Reached skill level 6 in Conjurations
  1551 | D:2      | Reached XP level 4. HP: 24/24 MP: 6/10
  1633 | D:2      | Identified the +0 pair of gloves of Gluttony {rN++ Will-
                  | Str+5}
  1910 | D:2      | Noticed Robin
  2224 | D:1      | Reached skill level 7 in Conjurations
  2224 | D:1      | Reached XP level 5. HP: 17/28 MP: 0/11
  2419 | D:2      | Killed Robin
  2538 | D:2      | Noticed Terence
  2566 | D:2      | Slain by Terence

Illustrated notes

Levels and vault maps discovered:
D:1:      dpeg_arrival_simpleton_b, layout_loops_corners
D:2:      layout_basic, minmay_quadrilaterals, uniq_terence,
          uniq_crazy_yiuf_cottage, uniq_robin

Skill      XL: |  1  2  3  4 |
---------------+-------------+-----
Conjurations   | 5 6 7 |  7.1
Dodging        | |  2.4
Stealth        | |  2.4
Spellcasting   | |  3.0

Action                     |  1- 3 |  4- 6 || total
---------------------------+-------+-------++-------
  Melee: Unarmed           |     6 |     6 ||    12
   Cast: Magic Dart        |    66 |    65 ||   131
         Searing Ray       |       |     3 ||     3
    Use: Potion            |       |     2 ||     2
         Scroll            |       |     1 ||     1
 Armour: Robe              |     4 |     3 ||     7
  Dodge: Dodged            |     5 |    22 ||    27

Table legend: (Time is in decaauts)
 A = Elapsed time spent in this place.
 B = Non-inter-level travel time spent in this place.
 C = Inter-level travel time spent in this place.
 D = Time resting spent in this place.
 E = Time spent auto-exploring this place.
 F = Levels seen in this place.
 G = Mean time per level.
                   A        B        C        D        E       F      G
               +--------+--------+--------+--------+--------+-----+--------+
         Total |   2570 |   2558 |     12 |    451 |   1807 |   2 | 1285.0 |
       Dungeon |   2570 |   2558 |     12 |    451 |   1807 |   2 | 1285.0 |
               +--------+--------+--------+--------+--------+-----+--------+

Top non-repeatable levels by time:
     D:1: 1654 daAuts
     D:2: 915 daAuts
